 Dungeon Crawl Stone Soup version 0.30-a0-1157-g2cc9ac7196 (webtiles) character file.

Game seed: 9072043299612897798

231 jasper the Cutter (level 5, -2/24 HPs)
             Began as a Spriggan Enchanter on Apr 24, 2023.
             Was an Initiate of Sif Muna.
             Slain by a hound (4 damage)
             ... on level 4 of the Dungeon.
             The game lasted 00:04:21 (2653 turns).

jasper the Cutter (Spriggan Enchanter)              Turns: 2653, Time: 00:04:21

Health: -2/24      AC:  2    Str:  4    XL:     5   Next: 72%
Magic:  23/28      EV: 17    Int: 19    God:    Sif Muna [......]
Gold:   213        SH:  0    Dex: 15    Spells: 1/9 levels left

rFire   . . .        a - +1 dagger
rCold   . . .        (no shield)
rNeg    . . .        b - +0 robe
rPois   .            (helmet restricted)
rElec   .            (no cloak)
rCorr   .            (gloves unavailable)
SInv    +            (boots unavailable)
Will    .....        (no amulet)
Stlth   +++          i - ring of magical power
HPRegen 0.24/turn    o - ring of magical power
MPRegen 0.21/turn

%: no passive effects
@: very slightly contaminated, studying Staves, invisible, very quick
A: very small, no large weapons, unfitting armour, see invisible, speed 3
a: Renounce Religion


You were on level 4 of the Dungeon.
You worshipped Sif Muna.
Sif Muna was noncommittal.
You visited 2 branches of the dungeon, and saw 5 of its levels.

You collected 213 gold pieces.

Inventory:

Hand Weapons
 a - a +1 dagger (weapon)
Missiles
 k - 2 poisoned darts
Armour
 b - a +0 robe (worn)
 q - a scarf of harm
Jewellery
 i - a ring of magical power (left hand)
 o - a ring of magical power (right hand)
Wands
 r - a wand of iceblast (10)
Scrolls
 d - a scroll of blinking {unknown}
 e - 5 scrolls of teleportation {unknown}
 f - 2 scrolls of fog {unknown}
 g - 4 scrolls of identify {unknown}
 h - a scroll of fear {unknown}
 l - 2 scrolls of vulnerability {unknown}
 m - a scroll of acquirement {unknown}
 n - 2 scrolls of immolation {unknown}
 s - a scroll of magic mapping {unknown}
Potions
 c - a potion of invisibility
 j - 4 potions of curing {unknown}
 p - a potion of lignification {unknown}


   Skills:
 + Level 5.8 Short Blades
 - Level 2.6 Dodging
 - Level 4.4 Stealth
 - Level 2.6 Spellcasting
 - Level 4.1 Hexes
 - Level 1.0 Ice Magic


You had one spell level left.
You knew the following spells:

 Your Spells              Type           Power      Damage    Failure   Level
a - Ensorcelled Hibernat  Hex/Ice        24%        N/A       9%          2
b - Confusing Touch       Hex            18%        N/A       9%          3
c - Tukima's Dance        Hex            18%        N/A       9%          3

Your spell library contained the following spells:

 Spells                   Type           Power      Damage    Failure   Level
 Foxfire                  Conj/Fire      8%         2x1d4     16%         1
 Dazzling Flash           Conj/Hex       20%        N/A       21%         3
 Fireball                 Conj/Fire      1%         3d3       99%         5
 Plasma Beam              Fire/Air       1%         2x1d12    100%        6
 Starburst                Conj/Fire      1%         6d3       100%        6


Dungeon Overview and Level Annotations

Branches:
Dungeon (4/15)             Temple (1/1) D:4

Altars:
Cheibriados
Elyvilon
Fedhas
Kikubaaqudgha
Okawaru
Qazlal
Ru
Sif Muna
Trog
Vehumet
Wu Jian
Xom
Zin
The Shining One

Annotations:
Temple 2 transporters


Innate Abilities, Weirdness & Mutations

You are very small and have problems with some larger weapons.
You are too small for most types of armour.
You have supernaturally acute eyesight. (SInv)
You cover ground extremely quickly. (Speed+++)


Message History

The hound barks!
You hear a shout!
The adder closely misses you.
An orc priest comes into view. It is wielding a +0 war axe.
Aiming: Ensorcelled Hibernation (safe; 9% risk of failure)
Press: ? - help, Q - select action, (/) - cycle Shift-Dir - straight line, f - adder
Aim: an adder (chance to affect: 54%)
The adder resists with significant effort.
The adder completely misses you.
You now have 26/28 mp.
You miss the adder. The adder closely misses you.
The angel hits itself with a +2 whip of holy wrath.
The angel hits itself but does no damage.
Aiming: Ensorcelled Hibernation (safe; 9% risk of failure)
Press: ? - help, Q - select action, (/) - cycle Shift-Dir - straight line, f/p - adder
Aim: an adder (chance to affect: 54%)
You miscast Ensorcelled Hibernation.
You are very lightly contaminated with residual magic.
Nothing appears to happen.
The adder barely misses you. The hound bites you.
The orc wizard gestures wildly while chanting.
The orc wizard flickers and vanishes for a moment.
You take 1 damage, and have 23/24 hp.
You now have 24/28 mp.
You miss the adder. The adder closely misses you. The hound bites you.
The orc priest mumbles some strange prayers to Beogh against you.
Beogh smites you!
You take 10 damage, and have 13/24 hp.
MASSIVE DAMAGE!!
Aiming: Ensorcelled Hibernation (safe; 9% risk of failure)
Press: ? - help, Q - select action, (/) - cycle Shift-Dir - straight line, f/p - adder
Aim: an adder (chance to affect: 54%)
The adder resists with significant effort.
The hound completely misses you. The adder bites you but does no damage.
The orc priest calls down the wrath of Beogh upon you.
Beogh smites you!
Ouch! That really hurt!
* * * LOW HITPOINT WARNING * * *
You take 12 damage, and have 1/24 hp.
MASSIVE DAMAGE!!
You now have 22/28 mp.
You fade into invisibility!
The hound bites you.
You die...

##..###
#..#####..###........##
##.##
#..#...#..#...........#
#.##
#._#.A.#_..............
#.# ##
#..#...#...............
#.##.##
#..#####...............
.##...##
#.........#.........†..
.#......
##.......###...........
........ ####..###
##.......... ........
##@h## ##.........
........ ##So#
#......... ........
##S######........
.......#
####ooo.####.......
.......# #.....o..#
##...... .......#
#...........# #.....#
......## .).S........#
....### ..............
...## ..............#


You could see an angel (confused, unable to see you), a hound, 2 orc priests, an
orc wizard (invisible, unable to see you), 2 adders and 2 orcs.

Vanquished Creatures
  An ogre (D:4)
  2 hounds (D:4)
  3 adders
  An ufetubus (D:4)
  A worm (D:3)
  A dart slug (D:1)
  2 orcs
  6 endoplasms
  A giant cockroach (D:2)
  4 goblins
  9 hobgoblins
  5 kobolds
  5 ball pythons
  6 bats
  4 frilled lizards
  4 rats
55 creatures vanquished.

Notes
Turn   | Place    | Note
-------+----------+-------------------------------------------
     0 | D:1      | jasper the Spriggan Enchanter began the quest for the Orb.
     0 | D:1      | Reached XP level 1. HP: 9/9 MP: 5/5
    49 | D:1      | Found a faded altar of an unknown god.
    93 | D:1      | Reached skill level 2 in Short Blades
   244 | D:1      | Reached XP level 2. HP: 11/13 MP: 6/6
   255 | D:1      | Learned a level 2 spell: Ensorcelled Hibernation
  1141 | D:2      | Reached skill level 1 in Ice Magic
  1141 | D:2      | Reached XP level 3. HP: 16/16 MP: 8/8
  1145 | D:2      | Learned a level 3 spell: Confusing Touch
  1592 | D:3      | Found a sacrificial altar of Ru.
  1669 | D:3      | Reached skill level 3 in Short Blades
  1781 | D:3      | Found a radiant altar of Vehumet.
  1968 | D:4      | Reached XP level 4. HP: 16/21 MP: 9/9
  2048 | D:4      | Found a staircase to the Ecumenical Temple.
  2055 | D:4      | Reached skill level 4 in Short Blades
  2060 | Temple   | Entered the Ecumenical Temple
  2060 | Temple   | Found a transporter.
  2060 | Temple   | Found a transporter.
  2069 | Temple   | Found a transporter.
  2069 | Temple   | Found a transporter.
  2087 | Temple   | Became a worshipper of Sif Muna the Loreminder
  2161 | D:4      | Noticed an ogre
  2178 | D:4      | Killed an ogre
  2179 | D:4      | Reached skill level 5 in Short Blades
  2179 | D:4      | Reached XP level 5. HP: 24/24 MP: 10/10
  2502 | D:4      | Found a glowing silver altar of Zin.
  2502 | D:4      | Noticed an angel
  2503 | D:4      | Found a shimmering altar of Xom.
  2592 | D:4      | Learned a level 3 spell: Tukima's Dance
  2652 | D:4      | HP: 1/24 [orc priest/divine providence (12)]
  2653 | D:4      | Slain by a hound

Illustrated notes

Levels and vault maps discovered:
D:1:      matt_arrival_los_fun, layout_loops_ring,
          hellmonk_ecumenical_altar_inner_sanctum
D:2:      kennysheep_six_static_rooms, layout_loops_cross, minmay_tripent
D:3:      layout_basic, lemuel_coloured_pillars_altar, hangedman_ru_absence
D:4:      layout_cave_pods, grunt_temple_overflow_order_and_chaos_1,
          minmay_temple_entry_mini_moons, nicolae_shop_distant_corner_stores
Temple:   hellmonk_temple_divided_pantheon

Skill      XL: |  1  2  3  4 |
---------------+-------------+-----
Short Blades   | 2 3 5 |  5.8
Hexes          | 4 |  4.1
Ice Magic      | 1 |  1.0
Dodging        | |  2.6
Stealth        | |  4.4
Spellcasting   | |  2.6

Action                     |  1- 3 |  4- 6 || total
---------------------------+-------+-------++-------
  Melee: Dagger            |    88 |    19 ||   107
   Cast: Ensorcelled Hiber |    13 |    16 ||    29
         Confusing Touch   |     1 |       ||     1
    Use: Potion            |       |     1 ||     1
   Stab: Sleeping          |    29 |    11 ||    40
         Confused          |     1 |       ||     1
 Armour: Robe              |     7 |     1 ||     8
  Dodge: Dodged            |    62 |    15 ||    77

Table legend: (Time is in decaauts)
 A = Elapsed time spent in this place.
 B = Non-inter-level travel time spent in this place.
 C = Inter-level travel time spent in this place.
 D = Time resting spent in this place.
 E = Time spent auto-exploring this place.
 F = Levels seen in this place.
 G = Mean time per level.
                   A        B        C        D        E       F      G
               +--------+--------+--------+--------+--------+-----+--------+
         Total |   1875 |   1851 |     24 |      0 |   1439 |   5 |  375.0 |
       Dungeon |   1845 |   1821 |     24 |      0 |   1431 |   4 |  461.2 |
        Temple |     30 |     30 |      0 |      0 |      7 |   1 |   30.0 |
               +--------+--------+--------+--------+--------+-----+--------+

Top non-repeatable levels by time:
     D:1: 551 daAuts
     D:4: 478 daAuts
     D:3: 411 daAuts
     D:2: 403 daAuts
  Temple: 30 daAuts
